Map: Jagannatha LE

Players

INnoVation

  • Race: Terran Terran
  • League: Grandmaster
  • Spawn Location: 7:00

AfreecaDRG (DRG) - Winner!

  • Race: Zerg Zerg
  • League: Grandmaster
  • Spawn Location: 1:00

Event: ASUS ROG Online 2020

VOD

Have the link to the VOD?

Description

Time

  • Played on: Nov. 28, 2020, 3:14 p.m.
  • Length: 9:34

All games in this series

Show
View Real Time Build Order
Export as new Build Order

INnoVation Terran 

Build Orders: Reaper Expand 

Get SALT Encoding   

  12  0:00  SCV  
  13  0:12  SCV  
  14  0:17  Supply Depot  
  14  0:24  SCV  
  15  0:39  Barracks, SCV  
  16  0:44  Refinery  
  16  0:51  SCV  
  17  1:03  SCV  
  18  1:15  SCV  
  19  1:26  Reaper  
  19  1:27  Orbital Command  
  20  1:40  Command Center  
  20  1:51  Supply Depot  
  20  1:52  SCV  
  21  1:58  Marine  
  22  2:05  SCV  
  23  2:15  Factory  
  23  2:17  SCV  
  23  2:21  Barracks Reactor  
  24  2:29  SCV  
  25  2:38  Command Center  
  25  2:41  SCV  
  26  2:52  Orbital Command  
  26  2:53  SCV  
  27  3:05  Hellion x2  
  31  3:06  SCV  
  31  3:07  Barracks Tech Lab  
  32  3:18  SCV  
  32  3:19  SCV  
  34  3:25  Stimpack  
  34  3:26  Hellion x2, Marine  
  39  3:32  SCV x2  
  41  3:45  Marine  
  41  3:46  SCV x2  
  44  3:51  Orbital Command  
  44  3:53  Factory Reactor  
  44  3:54  Barracks x2  
  44  3:59  SCV x2  
  44  4:00  Refinery  
  46  4:03  Marine  
  46  4:06  Supply Depot  
  47  4:14  SCV x2  
  47  4:21  Marine  
  47  4:23  SCV  
  48  4:26  SCV x2  
  48  4:27  Engineering Bay x2, Refinery x2  
  48  4:35  SCV  
  48  4:38  SCV x2  
  47  4:39  Marine  
  47  4:41  Factory Reactor  
  47  4:42  Marine x2  
  47  4:43  Starport  
  50  4:47  SCV  
  50  4:50  SCV x2  
  50  4:51  Marine  
  50  4:52  Marine  
  55  4:55  Terran Infantry Weapons Level 1  
  55  4:57  Marine  
  55  4:59  Marine  
  57  5:00  Supply Depot  
  57  5:02  Terran Infantry Armor Level 1, SCV  
  57  5:03  Orbital Command, SCV  
  57  5:04  Marine  
  60  5:09  Marine  
  60  5:11  Combat Shield  
  60  5:12  Supply Depot  
  60  5:13  Marine  
  62  5:14  SCV  
  62  5:15  SCV, Marine  
  65  5:22  Barracks, Marine  
  65  5:25  Supply Depot  
  65  5:26  SCV  
  65  5:27  Medivac, SCV  
  70  5:29  Medivac  
  70  5:33  Barracks  
  70  5:34  Factory Reactor  
  72  5:37  SCV  
  72  5:38  SCV  
  72  5:39  SCV  
  72  5:40  Marine x3  
  72  5:42  Marine x2  
  80  5:44  Supply Depot  
  80  5:50  Supply Depot, SCV x2  
  80  5:51  SCV  
  80  5:54  Armory  
  83  5:58  Marine x3  
  83  5:59  Marine  
  83  6:00  Marine  
  89  6:04  SCV x3  
  89  6:08  Medivac x2  
  89  6:10  Barracks Reactor, Supply Depot  
  95  6:18  SCV x3  
  97  6:20  Barracks Reactor  
  97  6:22  Marine x3  
  97  6:23  Supply Depot, Marine x2  
  97  6:25  Widow Mine  
  105  6:26  Widow Mine  
  107  6:33  Supply Depot, SCV x3  
  107  6:35  Refinery  
  110  6:40  Marine x4  
  110  6:41  Marine  
  110  6:45  SCV x3  
  118  6:49  Factory  
  118  6:51  Widow Mine x2  
  118  6:54  Terran Infantry Weapons Level 2  
  122  6:58  Marine x2  
  122  6:59  Supply Depot  
  122  7:00  Supply Depot  
  124  7:01  Marine  
  124  7:02  Marine x2  
  124  7:07  Medivac, Orbital Command  
  129  7:09  Terran Infantry Armor Level 2  
  129  7:12  Refinery  
  129  7:13  Missile Turret, Marine  
  129  7:14  Marine  
  131  7:16  Widow Mine  
  131  7:20  Marine x2  
  131  7:21  Widow Mine  
  133  7:28  SCV x2  
  122  7:31  Marine x4  
  122  7:34  Factory Tech Lab, SCV  
  120  7:40  SCV x2  
  118  7:46  SCV  
  118  7:47  Medivac x2  
  104  7:52  SCV x2  
  104  7:53  Drilling Claws  
  106  8:00  Widow Mine x2  
  106  8:04  SCV x3  
  113  8:09  Marine x5  
  113  8:10  Marine x3  
  119  8:14  Widow Mine  
  121  8:21  Medivac, Widow Mine, SCV x3  
  121  8:22  Medivac  
  130  8:30  Marine  
  130  8:31  Marine x5  
  130  8:33  SCV x3  
  143  8:42  Marine x3  
  146  8:48  Marine x3  
  146  8:49  Marine  
  146  8:51  Siege Tank  
  146  8:54  SCV x3  
  146  9:01  Factory Tech Lab, Command Center  
  141  9:06  SCV x2  
  141  9:07  SCV  
  141  9:08  Marine x2  
  144  9:10  Marine  
Show
View Real Time Build Order
Export as new Build Order

AfreecaDRG Zerg - Winner!

Build Orders: Hatch First 

Get SALT Encoding   

  12  0:00  Drone  
  13  0:11  Overlord  
  13  0:16  Drone  
  14  0:29  Drone x2  
  16  0:47  Hatchery  
  15  0:51  Drone  
  15  0:54  Drone  
  17  0:57  Drone  
  18  1:08  Extractor  
  17  1:13  Spawning Pool  
  17  1:17  Drone  
  17  1:20  Drone  
  18  1:27  Drone  
  19  1:37  Drone  
  20  1:48  Drone  
  21  1:59  Queen x2  
  21  2:00  Zergling x4  
  27  2:09  Overlord  
  27  2:10  Drone  
  28  2:20  Hatchery  
  27  2:24  Drone  
  27  2:27  Drone  
  29  2:31  Drone  
  29  2:33  Drone  
  31  2:39  Queen  
  33  2:44  Overlord  
  33  2:47  Drone  
  33  2:51  Metabolic Boost  
  34  2:54  Drone  
  34  2:56  Drone  
  36  3:03  Overlord  
  36  3:06  Drone  
  36  3:09  Drone x2  
  36  3:10  Drone  
  40  3:15  Queen  
  40  3:19  Drone x2  
  44  3:25  Overlord  
  44  3:28  Drone  
  44  3:33  Queen  
  47  3:34  Drone  
  47  3:39  Drone  
  47  3:40  Drone x2  
  51  3:43  Drone x2  
  51  3:48  Drone x3  
  56  3:53  Queen  
  56  3:55  Drone x2  
  60  3:58  Zergling x2  
  60  4:01  Overlord  
  60  4:02  Zergling x2  
  62  4:06  Zergling x2  
  63  4:10  Zergling x2  
  63  4:13  Evolution Chamber  
  63  4:16  Zergling x2  
  63  4:17  Evolution Chamber  
  63  4:20  Drone x4  
  63  4:22  Drone  
  63  4:23  Drone  
  67  4:24  Drone  
  67  4:29  Drone  
  67  4:30  Extractor, Drone, Evolution Chamber  
  67  4:31  Evolution Chamber  
  67  4:33  Drone  
  67  4:37  Drone x3  
  71  4:44  Drone  
  72  4:46  Overlord  
  72  4:49  Drone x2  
  72  4:52  Overlord  
  74  4:54  Overlord  
  74  4:56  Zerg Ground Armor Level 1, Zerg Melee Weapons Level 1  
  74  5:01  Overlord  
  74  5:05  Overlord  
  74  5:06  Drone x4  
  78  5:10  Drone  
  78  5:11  Drone x3  
  78  5:13  Lair  
  82  5:16  Drone  
  82  5:18  Extractor  
  82  5:19  Extractor  
  82  5:20  Extractor  
  80  5:25  Drone x4, Baneling Nest  
  80  5:26  Zergling x2  
  84  5:30  Zergling x4  
  84  5:31  Hatchery  
  85  5:37  Zergling x2  
  85  5:42  Zergling x14  
  93  5:46  Drone  
  93  5:47  Hatchery  
  93  5:49  Zergling x2  
  94  5:50  Spore Crawler  
  94  5:51  Zergling x2  
  94  5:56  Zergling x8  
  98  6:04  Overlord  
  98  6:05  Zergling x2  
  98  6:06  Zergling x2  
  99  6:13  Centrifical Hooks  
  99  6:14  Hydralisk Den, Baneling x4  
  99  6:15  Zergling x14  
  105  6:20  Overlord  
  105  6:24  Zergling x4  
  107  6:27  Zergling x6  
  107  6:31  Baneling  
  107  6:32  Zergling x2  
  111  6:35  Zergling x2  
  111  6:40  Zergling x8, Overseer  
  115  6:47  Muscular Augments  
  115  6:49  Zergling x2  
  115  6:50  Zergling x10, Queen  
  115  6:52  Zerg Melee Weapons Level 2, Zerg Ground Armor Level 2  
  123  6:55  Zergling x8  
  123  6:58  Overlord x2  
  127  7:09  Drone x7  
  127  7:11  Baneling x5  
  133  7:15  Baneling x2  
  133  7:16  Overlord, Baneling  
  133  7:18  Zergling x14  
  139  7:24  Zergling x6  
  139  7:27  Zergling x6  
  139  7:29  Zergling x8  
  146  7:33  Drone x2  
  138  7:38  Drone x4  
  138  7:40  Drone  
  138  7:41  Drone  
  138  7:43  Drone  
  138  7:44  Drone  
  125  7:51  Zergling x10  
  125  7:55  Zergling x4  
  125  7:56  Hydralisk  
  125  7:57  Hydralisk x3  
  137  7:58  Grooved Spines, Baneling x8  
  137  8:02  Hydralisk x3  
  143  8:12  Pneumatized Carapace  
  143  8:18  Hydralisk x4  
  143  8:19  Hydralisk x2  
  155  8:23  Hatchery  
  155  8:24  Baneling  
  155  8:25  Baneling x4  
  153  8:29  Zergling x2  
  153  8:31  Overlord x2  
  153  8:32  Overlord x2  
  154  8:35  Drone x4  
  154  8:37  Extractor  
  154  8:38  Overlord  
  157  8:42  Drone  
  157  8:43  Drone x2  
  157  8:45  Drone x2  
  157  8:47  Overseer  
  157  8:49  Overlord  
  157  8:52  Zergling x18  
  157  8:55  Baneling x7  
  166  8:59  Zergling x6  
  166  9:01  Zergling x2  
  166  9:02  Zergling x4  
  167  9:08  Zergling x14  
  171  9:13  Zergling x10  
  171  9:14  Overseer  
  171  9:17  Zergling x8  
  153  9:21  Spore Crawler  
Tags
 
Add a new tag
Caveats
  • Supply blocks, unpowered buildings, or Contaminate may cause inaccurate times.
  • Supply counts are checked every 10 seconds.